 Dungeon Crawl Stone Soup version 0.22-a0-579-gb62a27e (webtiles) character file.

7675 royokou the Destroyer (level 10, -3/61 HPs)
             Began as a Deep Elf Conjurer on July 1, 2018.
             Was a Believer of Vehumet.
             Slain by an eight-headed hydra (15 damage)
             ... on level 9 of the Dungeon.
             The game lasted 01:06:47 (10445 turns).

royokou the Destroyer (Deep Elf Conjurer)          Turns: 10445, Time: 01:06:48

Health: -3/61      AC: 10    Str: 15    XL:     10   Next: 99%
Magic:  21/21      EV: 18    Int: 24    God:    Vehumet [**....]
Gold:   587        SH:  5    Dex: 15    Spells: 4/22 levels left

rFire    . . .     SeeInvis .   y - +5 dagger (venom)
rCold    . . .     Gourm    .   B - +0 buckler
rNeg     + . .     Faith    .   w - +3 leather armour {rPois}
rPois    +         Spirit   .   j - +2 hat
rElec    .         Reflect  .   z - +0 cloak
rCorr    .         Harm     .   n - +0 pair of gloves
MR       +....                  (no boots)
Stlth    ++........             H - amulet of magic regeneration
HPRegen  0.20/turn              m - +5 ring of strength
MPRegen  0.42/turn              i - ring of positive energy

@: mighty
A: no striking features
a: Renounce Religion


You were on level 9 of the Dungeon.
You worshipped Vehumet.
Vehumet was pleased with you.
You were very hungry.

You visited 3 branches of the dungeon, and saw 11 of its levels.

You collected 587 gold pieces.

Inventory:

Hand Weapons
 y - a +5 dagger of venom (weapon)
Armour
 j - a +2 hat (worn)
 n - a +0 pair of gloves (worn)
 w - a +3 leather armour of poison resistance (worn)
 z - a +0 cloak (worn)
 B - a +0 buckler (worn)
Jewellery
 e - an uncursed ring of flight
 i - a ring of positive energy (right hand)
 m - a +5 ring of strength (left hand)
 A - an uncursed ring of wizardry
 G - an uncursed ring of ice
 H - an amulet of magic regeneration (around neck)
Wands
 g - a wand of scattershot (4)
Scrolls
 b - 2 scrolls of immolation
 f - 3 scrolls of magic mapping
 s - 3 scrolls of teleportation
 x - a scroll of amnesia
 I - a scroll of blinking
Potions
 d - a potion of lignification
 h - a potion of flight {unknown}
 k - 2 potions of berserk rage {unknown}
 l - a potion of degeneration
 o - a potion of might
 p - 2 potions of curing
 t - a potion of haste
 u - a potion of mutation {unknown}
 D - a potion of agility {unknown}
 E - a potion of resistance {unknown}
 K - a potion of heal wounds
Comestibles
 c - 15 rations


   Skills:
 + Level 6.6 Fighting
 + Level 9.9 Dodging
 - Level 2.5 Stealth
 - Level 4.2 Shields
 - Level 6.5 Spellcasting
 - Level 10.6 Conjurations
 - Level 5.5 Hexes
 - Level 3.8 Translocations


You had 4 spell levels left.
You knew the following spells:

 Your Spells              Type           Power        Failure   Level  Hunger
a - Magic Dart            Conj           ####         1%          1    None
b - Searing Ray           Conj           ######       1%          2    None
c - Dazzling Spray        Conj/Hex       #####.       1%          3    None
d - Iskenderun's Mystic   Conj           ######..     1%          4    ###....
e - Fulminant Prism       Conj/Hex       #####.....   3%          4    ###....
f - Force Lance           Conj/Tloc      #####...     4%          4    ###....

Your spell library contained the following spells:

 Spells                   Type           Power        Failure   Level  Hunger
 Regeneration             Chrm/Necr      #.........   28%         3    None
 Shroud of Golubria       Chrm/Tloc      ###.......   6%          2    None
 Infusion                 Chrm           #...         10%         1    None
 Song of Slaying          Chrm           #.......     14%         2    None
 Spectral Weapon          Hex/Chrm       ###.....     9%          3    None


Dungeon Overview and Level Annotations

Branches:
Dungeon (9/15)             Temple (1/1) D:7            Lair (1/6) D:9
    Orc: D:9-12

Altars:
Dithmenos
Elyvilon
Fedhas
Makhleb
Sif Muna
Trog
Uskayaw
Vehumet
Wu Jian
Xom
Yredelemnul
Zin

Annotations:
Lair:1 Gastronok


Message History

The water moccasin barely misses you. The eight-headed hydra misses you.
The eight-headed hydra bites you.
You block the eight-headed hydra's attack.
The eight-headed hydra misses you. The eight-headed hydra bites you!
The eight-headed hydra bites you but does no damage.
The eight-headed hydra misses you. The eight-headed hydra bites you!
You climb upwards.
Welcome back to the Dungeon!
There is a staircase to the Lair here.
You feel very mighty all of a sudden. You block the water moccasin's attack.
The eight-headed hydra bites you but does no damage. x2
You block the eight-headed hydra's attack.
The eight-headed hydra closely misses you.
The eight-headed hydra bites you but does no damage.
The eight-headed hydra bites you!
* * * LOW HITPOINT WARNING * * *
The eight-headed hydra bites you.
* * * LOW HITPOINT WARNING * * *
The eight-headed hydra bites you!
You die...

#.# #....+.....##............#
#.####....#.....P#............+
#..........[.P....P...........#
#........P.P..P.P...###'#######
#......#...PP..P.P.P...........
#...........P.P.P.P..###.......
#........P..#[##.....# #......#
#.......PP.P#DS#P.P..###......#
#.##...P.P.P#.@#...P..##...>..#
#.##....PPP.####P.P...........#
#.##....P..P.P.P.P............#
#......#....P.....P............
#......#.PPP.PPP.P.............
#..........P.P.....#######.....
#...................#....#.....
#...........#.......#....#.####
#..########.#.......#....#.....


You could see an eight-headed hydra and a water moccasin.

Vanquished Creatures
  2 two-headed ogres (D:9)
  Joseph (D:7)
  A manticore (D:9)
  A spiny frog (D:9)
  A centaur skeleton (D:9)
  Grinder (D:6)
  A hippogriff (Lair:1)
  A vampire (D:8)
  6 yaks (D:9)
  2 hungry ghosts (D:9)
  2 porcupines (D:9)
  An orc warrior (D:9)
  2 ice beasts
  A phantom (D:5)
  4 ogres
  7 centaurs
  3 crocodiles (D:9)
  Blork the orc (D:4)
  4 bullfrogs
  A scorpion (D:4)
  4 wights (D:7)
  3 howler monkeys
  An electric eel (D:7)
  5 crimson imps
  A bullfrog zombie (D:7)
  5 hounds
  4 orc priests
  A bullfrog skeleton (D:4)
  2 orc wizards (D:7)
  6 iguanas
  6 worker ants
  A hound zombie (D:5)
  3 hound skeletons
  4 gnolls
  A howler monkey skeleton (D:5)
  15 adders
  A shadow imp (D:6)
  An ooze (D:1)
  2 adder zombies
  2 adder skeletons
  6 worms
  4 dart slugs
  4 leopard geckos
  21 orcs
  6 giant cockroaches
  3 goblins
  6 hobgoblins
  6 jackals
  7 kobolds
  4 quokkas
  2 ball pythons
  6 bats
  7 frilled lizards
  2 quokka skeletons
  A quokka zombie (D:8)
  5 rats
201 creatures vanquished.

Vanquished Creatures (others)
  25 fulminant prisms
  A fungus (D:9)
  5 toadstools (D:1)
31 creatures vanquished.

Grand Total: 232 creatures vanquished

Notes
Turn   | Place    | Note
-------+----------+-------------------------------------------
     0 | D:1      | royokou the Deep Elf Conjurer began the quest for the Orb.
     0 | D:1      | Reached XP level 1. HP: 10/10 MP: 6/6
   240 | D:1      | Reached XP level 2. HP: 15/15 MP: 5/8
   360 | D:1      | Learned a level 2 spell: Searing Ray
   551 | D:1      | Reached XP level 3. HP: 19/19 MP: 5/10
   640 | D:1      | Reached skill level 5 in Conjurations
   735 | D:1      | Learned a level 3 spell: Dazzling Spray
  1055 | D:2      | Reached XP level 4. HP: 24/24 MP: 3/12
  1330 | D:2      | Reached skill level 5 in Spellcasting
  1537 | D:2      | Learned a level 4 spell: Iskenderun's Mystic Blast
  1559 | D:2      | Found a shimmering altar of Xom.
  1684 | D:2      | Found a deep blue altar of Sif Muna.
  1896 | D:3      | Reached XP level 5. HP: 28/28 MP: 9/14
  2023 | D:3      | Reached skill level 6 in Conjurations
  2023 | D:3      | Reached skill level 1 in Hexes
  2583 | D:3      | Learned a level 4 spell: Fulminant Prism
  3025 | D:4      | Reached XP level 6. HP: 32/32 MP: 11/16
  3303 | D:4      | Found an ornate altar of the Wu Jian Council.
  3462 | D:4      | Noticed Blork the orc
  3470 | D:4      | Killed Blork the orc
  3470 | D:4      | Reached skill level 7 in Conjurations
  3625 | D:4      | Found a blossoming altar of Fedhas.
  3636 | D:4      | Found a glowing silver altar of Zin.
  3649 | D:4      | Found a burning altar of Makhleb.
  3664 | D:4      | Reached XP level 7. HP: 36/36 MP: 10/18
  3788 | D:4      | Learned a level 4 spell: Force Lance
  3918 | D:4      | Found a shadowy altar of Dithmenos.
  4114 | D:4      | Found a bloodstained altar of Trog.
  4266 | D:5      | Entered Level 5 of the Dungeon
  4565 | D:5      | Reached skill level 8 in Conjurations
  4799 | D:5      | Found a white marble altar of Elyvilon.
  4823 | D:5      | Reached skill level 5 in Hexes
  4869 | D:5      | Reached XP level 8. HP: 39/41 MP: 10/19
  4880 | D:5      | Reached skill level 9 in Conjurations
  5035 | D:5      | Reached skill level 1 in Translocations
  5263 | D:5      | Found a blossoming altar of Fedhas.
  5653 | D:6      | Found a basalt altar of Yredelemnul.
  5853 | D:6      | Reached skill level 10 in Conjurations
  6033 | D:6      | Noticed Grinder
  6050 | D:6      | Paralysed by Grinder for 6 turns
  6057 | D:6      | Killed Grinder
  6777 | D:7      | Reached XP level 9. HP: 46/46 MP: 13/20
  6866 | D:7      | Noticed Joseph
  6883 | D:7      | Killed Joseph
  6883 | D:7      | Reached skill level 1 in Fighting
  6883 | D:7      | Reached skill level 1 in Shields
  6994 | D:7      | Found a staircase to the Ecumenical Temple.
  7006 | Temple   | Entered the Ecumenical Temple
  7009 | Temple   | Became a worshipper of Vehumet
  7889 | D:8      | Reached skill level 5 in Dodging
  8866 | D:9      | Reached * piety under Vehumet
  8866 | D:9      | Offered knowledge of Flame Tongue by Vehumet.
  9112 | D:9      | Noticed a two-headed ogre
  9124 | D:9      | Killed a two-headed ogre
  9124 | D:9      | Reached XP level 10. HP: 57/57 MP: 6/21
  9527 | D:9      | Reached skill level 5 in Fighting
  9542 | D:9      | Noticed a manticore
  9558 | D:9      | Killed a manticore
  9624 | D:9      | Found a flagged portal.
  9847 | D:9      | Noticed a two-headed ogre
  9856 | D:9      | Killed a two-headed ogre
  9930 | D:9      | Found a staircase to the Lair.
 10069 | D:9      | Offered knowledge of Shock by Vehumet.
 10151 | Lair:1   | Entered Level 1 of the Lair of Beasts
 10154 | Lair:1   | Noticed Gastronok
 10164 | Lair:1   | Reached ** piety under Vehumet
 10329 | Lair:1   | Noticed a spiny frog
 10334 | Lair:1   | Noticed an eight-headed hydra
 10340 | D:9      | Killed a spiny frog
 10445 | D:9      | Slain by an eight-headed hydra

Vault maps used:
D:1:      ldierk_walled_garden
D:2:      lemuel_blue_sif_altar, nicolae_overflow_hidden_temple, first_ration
D:3:      lightli_corner_chamber
D:4:      kennysheep_little_box, grunt_dithmenos_smoke,
          nicolae_overflow_quartered_altars, uniq_blork_the_orc
D:5:      elyvilon_altar_3, fedhas_altar_4
D:6:      marbit_many_paths, uniq_grinder
D:7:      temple_fountains, minivault_4, uniq_joseph
D:8:      serial_co_window_serial, co_window_corner_a,
          co_window_of_opportunity_a, co_window_paths_a,
          co_window_of_opportunity_a, co_window_paths_b, co_window_corner_a,
          co_window_paths_a, co_window_unsneaky_path_b, co_window_broadway_b,
          co_window_of_opportunity_c, co_window_4corner_b
D:9:      grunt_lair_entry_orc_guard_hut, enter_bailey_1, nooodl_food_tri
Temple:   nicolae_temple_hex_pool
Lair:1:   minmay_lair_oklob_bushes, minivault_19, infiniplex_staircase_pool_2,
          uniq_gastronok

Skill      XL: |  1  2  3  4  5  6  7  8  9 10 |
---------------+-------------------------------+-----
Spellcasting   | 4 5 6 |  6.5
Conjurations   | 5 6 7 8 10 | 10.6
Hexes          | 2 3 5 |  5.5
Translocations | 3 |  3.8
Dodging        | 6 9 |  9.9
Fighting       | 4 6 |  6.6
Shields        | 4 |  4.2
Stealth        | |  2.5

Action                   |  1- 3 |  4- 6 |  7- 9 | 10-12 || total
-------------------------+-------+-------+-------+-------++-------
Melee: Hand axe          |     5 |       |       |       ||     5
       Short sword       |     3 |    10 |     1 |       ||    14
       Dagger            |       |       |    31 |    15 ||    46
 Cast: Magic Dart        |    56 |    73 |   109 |    21 ||   259
       Searing Ray       |     7 |    24 |    41 |    11 ||    83
       Dazzling Spray    |       |     2 |     5 |     4 ||    11
       Iskenderun's Myst |       |     2 |    29 |     9 ||    40
       Fulminant Prism   |       |       |    12 |    14 ||    26
       Force Lance       |       |       |     2 |    11 ||    13
  Use: Scroll            |     3 |     9 |    10 |     1 ||    23
       Potion            |       |     2 |     2 |     2 ||     6
 Stab: Invisible         |       |     1 |       |       ||     1
  Eat: Chunk             |       |     8 |    17 |     8 ||    33
       Ration            |       |       |     2 |       ||     2
Armor: Robe              |     1 |     6 |       |       ||     7
       Leather armour    |       |       |    37 |    11 ||    48
Dodge: Dodged            |     9 |    21 |    67 |    36 ||   133
Block: Buckler           |       |       |    12 |     8 ||    20

Table legend:
 A = Spawn XP
 B = Non-spawn XP
 C = Spawn XP percentage of total XP
 D = Spawn monster count
 E = Non-spawn monster count
 F = Spawn count percentage of total count
 G = Total turns spent on level
                    A         B        C        D         E        F      G
               +---------+---------+-------+---------+---------+-------+---------
         Total |       0 |   10965 |   0.0 |       0 |     201 |   0.0 | 10445
               +---------+---------+-------+---------+---------+-------+---------
           D:1 |       0 |      43 |   0.0 |       0 |      20 |   0.0 |   773
           D:2 |       0 |     141 |   0.0 |       0 |      27 |   0.0 |  1078
           D:3 |       0 |     175 |   0.0 |       0 |      19 |   0.0 |  1123
           D:4 |       0 |     711 |   0.0 |       0 |      28 |   0.0 |  1687
           D:5 |       0 |     809 |   0.0 |       0 |      14 |   0.0 |   840
           D:6 |       0 |     756 |   0.0 |       0 |      10 |   0.0 |  1079
           D:7 |       0 |    1263 |   0.0 |       0 |      31 |   0.0 |  1087
           D:8 |       0 |     751 |   0.0 |       0 |      15 |   0.0 |  1381
           D:9 |       0 |    5981 |   0.0 |       0 |      35 |   0.0 |  1357
        Lair:1 |       0 |     335 |   0.0 |       0 |       2 |   0.0 |    33
               +---------+---------+-------+---------+---------+-------+---------
